AoeStats
← glumgold

Black Forest

512341663Analyzed
4v4 RM · 8d ago on Oct 9, 2026· 48m 37s· 8 players
Game mode
Random Map
Map size
Large (8 player)
Population
200
Speed
Normal
Resources
Standard
Victory
Conquest
Starting age
Dark Age
Ending age
Imperial Age
RankedLock teamsTeams togetherTeam positionsShared explorationLock speedFull tech treeHidden civsTurbo modeCheats
Victory
Defeat
🇧🇪 Franks · Belgium
1229
+17
🇺🇸 Persians · United States
1217
+17
🇫🇷 Koreans · France
1212
+18
🇭🇰 Bengalis · Hong Kong SAR China
1193
+18
vs
🇹🇼 Portuguese · Taiwan
1289
-20
🇨🇳 Persians · China
1263
-18
🇨🇳 Spanish · China
1259
-18
🇮🇶 Britons · Iraq
1170
-14
glumgold
3:07 Loom
10:56 Feudal Age
16:00 Castle Age
14:20 Double-Bit Axe
14:41 Horse Collar
25:01 Bow Saw
26:24 Heavy Plow
27:30 Stone Mining
28:57 Wheelbarrow
28:08 Town Watch
29:10 Stone Shaft Mining
31:55 Imperial Age
29:41 Gold Mining
30:23 Hand Cart
31:55 Gold Shaft Mining
32:41 Scale Barding Armor
32:48 Forging
33:52 Two-Man Saw
33:25 Crop Rotation
34:06 Husbandry
34:17 Bloodlines
34:30 Chain Barding Armor
34:47 Iron Casting
34:45 Conscription
33:47 Elite War Elephant
36:38 Plate Barding Armor
38:18 Plate Barding Armor
38:44 Blast Furnace
43:28 Devotion
46:32 Cavalier
47:05 Fletching
47:16 Padded Archer Armor
48:20 Chemistry
47:41 Ballistics
47:33 Masonry
hakki
1:16 Loom
12:58 Feudal Age
13:35 Double-Bit Axe
19:33 Castle Age
18:37 Gold Mining
19:54 Wheelbarrow
20:45 Bow Saw
21:12 Gold Shaft Mining
21:12 Forging
23:45 Husbandry
23:56 Scale Barding Armor
27:42 Town Watch
28:43 Chain Barding Armor
32:35 Iron Casting
34:47 Hand Cart
37:15 Imperial Age
36:04 Stone Mining
37:23 Cavalier
38:42 Plate Barding Armor
38:57 Fortified Wall
39:48 Caravan
41:31 Blast Furnace
43:16 Masonry
42:44 Capped Ram
43:48 Murder Holes
43:17 Paladin
46:57 Conscription
46:56 Light Cavalry
47:40 Scale Mail Armor
48:19 Arson
48:36 Squires
47:56 Pikeman
49:03 Ballistics
49:04 Chain Mail Armor
48:51 Padded Archer Armor
48:41 Fletching
动车的车头
10:07 Feudal Age
14:32 Castle Age
13:13 Double-Bit Axe
13:12 Horse Collar
16:16 Wheelbarrow
16:13 Bow Saw
21:37 Hand Cart
21:56 Heavy Plow
22:53 Loom
27:23 Imperial Age
25:13 Scale Barding Armor
25:11 Padded Archer Armor
25:01 Fletching
25:00 Loom
26:21 Bodkin Arrow
26:42 Leather Archer Armor
26:51 Caravan
27:22 Coinage
27:33 Ballistics
29:10 Chemistry
28:49 Bracer
29:23 Elite Elephant Archer
30:24 Onager
31:45 Crop Rotation
32:15 Two-Man Saw
32:40 Ring Archer Armor
32:23 Siege Elephant
34:02 Siege Engineers
36:26 Guilds
36:59 Conscription
38:10 Conscription
37:56 Paiks
40:17 Husbandry
40:27 Bloodlines
46:45 Paiks
LOtarieDémocrate
0:35 Loom
9:28 Feudal Age
12:36 Town Watch
15:58 Castle Age
14:19 Double-Bit Axe
14:49 Horse Collar
17:28 Bow Saw
23:37 Wheelbarrow
26:58 Heavy Plow
27:16 Fortified Wall
30:24 Imperial Age
28:23 Hand Cart
28:44 Scale Mail Armor
28:25 Pikeman
29:06 Squires
29:42 Chain Mail Armor
29:18 Gold Mining
29:19 Stone Mining
29:28 Arson
30:35 Forging
30:55 Eupseong
31:39 Gold Shaft Mining
31:40 Stone Shaft Mining
31:30 Conscription
30:49 Elite Fire Lancer
31:45 Masonry
33:09 Two-Man Saw
32:53 Plate Mail Armor
32:22 Fletching
33:46 Ballistics
34:04 Iron Casting
33:38 Arrowslits
35:19 Chemistry
34:44 Bodkin Arrow
35:23 Conscription
35:30 Bracer
36:02 Architecture
35:24 Treadmill Crane
36:15 Siege Engineers
36:09 Murder Holes
42:21 Halberdier
2110316511
11:36 Feudal Age
12:44 Double-Bit Axe
15:27 Castle Age
13:10 Horse Collar
22:13 Loom
26:50 Wheelbarrow
26:51 Bow Saw
27:32 Hand Cart
30:16 Imperial Age
31:02 Bloodlines
30:53 Husbandry
30:33 Cavalier
32:07 Scale Barding Armor
32:13 Forging
32:00 Paladin
34:48 Chain Barding Armor
35:01 Gold Mining
35:02 Stone Mining
34:54 Capped Ram
39:16 Block Printing
39:29 Illumination
39:20 Fervor
39:32 Sanctity
39:49 Theocracy
39:26 Siege Ram
44:17 Plate Barding Armor
44:18 Iron Casting
逗你玩
5:03 Loom
10:12 Feudal Age
14:39 Castle Age
13:41 Double-Bit Axe
13:48 Gold Mining
13:46 Horse Collar
15:32 Bow Saw
15:24 Heavy Plow
21:05 Stone Mining
22:20 Wheelbarrow
22:48 Stone Shaft Mining
25:01 Gold Shaft Mining
26:37 Ballistics
26:56 Kamandaran
30:47 Imperial Age
28:24 Fletching
28:34 Padded Archer Armor
28:47 Crossbowman
29:32 Thumb Ring
31:29 Conscription
31:22 Citadels
31:16 Bodkin Arrow
31:37 Leather Archer Armor
32:26 Chemistry
32:39 Two-Man Saw
33:05 Ring Archer Armor
32:46 Forging
32:42 Scale Barding Armor
33:35 Elite War Elephant
35:56 Chain Barding Armor
36:11 Iron Casting
36:44 Husbandry
36:55 Bloodlines
38:26 Plate Barding Armor
38:52 Blast Furnace
43:21 Murder Holes
43:37 Masonry
bimurock
0:38 Loom
12:28 Feudal Age
14:03 Wheelbarrow
13:19 Double-Bit Axe
16:46 Castle Age
15:03 Horse Collar
15:47 Gold Mining
16:06 Stone Mining
18:19 Bow Saw
18:11 Heavy Plow
23:01 Hand Cart
25:34 Fletching
26:16 Bodkin Arrow
27:57 Treadmill Crane
33:44 Imperial Age
32:32 Stone Shaft Mining
33:30 Forging
33:27 Scale Barding Armor
33:23 Padded Archer Armor
35:50 Chemistry
35:11 Ballistics
34:57 Siege Engineers
35:03 Fortified Wall
34:49 Murder Holes
36:19 Arquebus
36:40 Conscription
ahmady sulaymani
0:33 Loom
14:18 Feudal Age
18:29 Castle Age
17:18 Double-Bit Axe
17:25 Horse Collar
19:27 Bow Saw
23:44 Heavy Plow
25:37 Fletching
25:58 Gold Mining
26:12 Bodkin Arrow
27:57 Gold Shaft Mining
26:46 Crossbowman
28:20 Wheelbarrow
29:50 Ballistics
Connection lost

Rejoining the realm…

Still unreachable

The connection could not be restored.

Session expired

The server has moved on; the page needs a fresh start.